[Event "Qatar Masters 2024"]
[Site "Doha"]
[Date "2024.12.03"]
[Round "1.1"]
[White "Abdurakhmonov, Mukhammadali"]
[Black "Erigaisi Arjun"]
[Result "0-1"]
[Annotator "TA"]
[ECO "A46"]
[WhiteElo "2395"]
[BlackElo "2799"]
[PlyCount "84"]
[EventDate "2024.11.24"]
[EventType "swiss"]
[EventCountry "QAT"]
[SourceTitle "playchess.com"]
[Source "ChessBase"]
[SourceQuality "1"]
[TimeControl "40/5400+30:1800+30"]

1. d4 Nf6 2. Bf4 e6 3. Nf3 c5 4. e3 Nc6 5. Nbd2 h6 6. c3 Nh5 7. dxc5 Nxf4 8. exf4 {[%emt 0:00:05] The position is equal.} Bxc5 9. Ne4 b6 10. Nd6+ Bxd6 11. Qxd6 Qe7 12. Qxe7+ Kxe7 13. O-O-O Bb7 14. h4 Rac8 15. Kb1 Rhd8 16. Be2 d6 17. Rhe1 Nb8 18. g3 Nd7 19. Nd4 Nf6 20. g4 Ba8 21. g5 Ne4 22. f3 Nf2 23. Rd2 {[%emt 0:00:24] [#] Ba6 is the strong threat.} Nh3 $1 24. f5 {[%emt 0:10:23] aiming for Ba6.} Nf4 $1 (24... hxg5 $6 25. fxe6 gxh4 (25... fxe6 $2 26. Ba6 $18) 26. exf7 Kxf7 27. Rh1 $16) 25. Bd1 hxg5 26. hxg5 Rc5 27. Bc2 e5 28. f6+ gxf6 29. Nf5+ Ke6 30. Ng7+ (30. gxf6 $11 {remains equal.} Bd5 31. Rh2) 30... Kd7 $17 31. gxf6 Bxf3 32. b4 {[%emt 0:03:42] [#]} Rd5 (32... Rxc3 33. Rxe5 Nd5 34. Ba4+ (34. Rexd5 Bxd5 35. Rxd5 Rc4 $16) 34... Kc7 35. Rexd5 (35. Ne8+ Kb8 $11) 35... Bxd5 36. Rxd5 $16) 33. Rh2 Bg4 (33... Ng2 $17 34. Rf1 e4 35. Ba4+ b5) 34. Bb3 (34. Re3 $11) 34... Rd3 35. Bxf7 Rxc3 {[%emt 0:03:32] White must now prevent ...Rf8.} 36. Rh4 $1 Rf8 (36... Be6 {simplifies} 37. Nxe6 Nxe6 38. Rh7 Ng5) 37. Bb3 {[%emt 0:00:19] This costs White the game.} (37. Be8+ $17 {was the only defense.} Rxe8 38. Nxe8) 37... Ng2 $36 {[%emt 0:00:50][%mdl 2048] Black is on the roll.} 38. Rxg4 Nxe1 39. Ba4+ Kc8 40. Kb2 $2 (40. Nf5 {is tougher.}) 40... Rf3 $19 {[%emt 0:01:22] Black is clearly winning.} 41. Ne6 Nd3+ ({Worse is} 41... R8xf6 42. Rg8+ Kb7 43. Rg7+ Ka6 44. Nc7+ Kb7 45. Ne6+ Kc8 46. Rg8+ Kb7 47. Rg7+ $11) 42. Kc2 Rh8 {[%emt 0:00:13] Weighted Error Value: White=0.29 (precise) /Black=0.08 (flawless) .  Mistake:       	White=4     	Black=1      Inaccurate:     	White=3     	---        OK:         	White=12    	Black=13     Best:        	White=2     	Black=9      Strong:       	White=1     	Black=2} ({Not} 42... R8xf6 43. Rg8+ Kb7 44. Rg7+ Kc8 45. Rg8+ Kb7 46. Rg7+ Ka6 47. Nc7+ Kb7 48. Nd5+ (48. Ne6+ Ka8 $11) 48... Rf7 49. Rxf7+ Rxf7 50. Kxd3 $15) 0-1

[Event "Qatar Masters 2024"]
[Site "Doha"]
[Date "2024.12.03"]
[Round "1.2"]
[White "Abdusattorov, Nodirbek"]
[Black "Mahdavi, Reza"]
[Result "0-1"]
[Annotator "TA"]
[ECO "A65"]
[WhiteElo "2777"]
[BlackElo "2394"]
[PlyCount "70"]
[EventDate "2024.11.24"]
[EventType "swiss"]
[EventCountry "QAT"]
[SourceTitle "playchess.com"]
[Source "ChessBase"]
[SourceQuality "1"]
[TimeControl "40/5400+30:1800+30"]

1. d4 Nf6 2. c4 g6 3. f3 Bg7 4. e4 d6 5. Nc3 O-O 6. Nge2 c5 7. d5 e6 8. Ng3 exd5 9. cxd5 a6 10. a4 Nbd7 11. Be2 Rb8 12. O-O Ne8 13. Bf4 f5 (13... c4 $11 14. Bxc4 Qb6+ 15. Rf2 Bd4) 14. Qd2 Ne5 15. Kh1 Bd7 16. exf5 gxf5 17. Nh5 Bh8 18. Bh6 Rf7 19. g4 Ng7 (19... Bg7 $142) 20. Rg1 $16 (20. Bg5 $6 Qf8 $14) 20... b5 (20... Ng6 $16) 21. axb5 axb5 22. Ra7 $2 (22. gxf5 $18 Bxf5 23. Bg5 (23. Bxb5 Nxf3 24. Nxg7 Bxg7 $17) (23. Nxb5 Bg6 $14)) 22... b4 $11 23. gxf5 bxc3 24. Qxc3 Qh4 (24... Qb6 $2 25. Rxd7 Nxd7 26. Nxg7 $18 (26. Bxg7 Rxg7 27. Rxg7+ Kf8 $18)) 25. Bxg7 Bxg7 26. Nxg7 Kh8 $1 $40 {[%emt 0:00:14][%mdl 128] Black is up to no good.} 27. Bb5 $2 Bxb5 $19 ({Not} 27... Rxb5 28. Ra8+) 28. Rxf7 {[%emt 0:00:04] Black must now prevent Ne6.} Nxf7 29. Rg4 {[%emt 0:00:01] [#]} Qe7 {[%emt 0:08:05] ...Ne5 would now be deadly.} 30. Ne6+ Ne5 31. Rg7 $2 (31. f4 Qb7 32. Nc7 (32. fxe5 $2 {perishes.} Qxd5+ 33. Kg1 Qd1+ 34. Kf2 Qxg4 $19) 32... Qxc7 33. fxe5 dxe5 34. Kg1) 31... Qf6 {[%emt 0:01:45][%cal Ob5c4] aiming for ...Bc4!} 32. f4 {[%emt 0:00:13] [#]} Bc4 $1 33. Qd2 (33. fxe5 Bxd5+) 33... Qxf5 {[%emt 0:01:22] Black mates.} 34. fxe5 Qf3+ 35. Rg2 Bxd5 {[%emt 0:00:12] Never resign too early!   Weighted Error Value: White=1.01/Black=0.20 (precise) .  Loses game:     	White=1     	---        Missed win:     	White=1     	---        Mistake:       	White=1     	Black=3      Inaccurate:     	White=3     	Black=1      OK:         	White=4     	Black=6      Best:        	White=2     	Black=3      Strong:       	---       	Black=1} (35... Rxb2 $142 36. h3 Qxh3+ (36... Rxd2 {leads to mate.} 37. Nf4 Rxg2 38. Nxg2 Bxd5 39. exd6 Qxg2#) 37. Kg1 Rb1+ (37... Rxd2 38. Rxd2 Qe3+ 39. Rf2 Qe1+ 40. Kg2 Bxd5+ 41. Kg3 Qg1+ 42. Rg2 Qxg2+ 43. Kf4 Qf3+ 44. Kg5 Bxe6 45. exd6 Qf5+ 46. Kh6 Qg6#) 38. Qe1 Rxe1+ 39. Kf2 Rf1#) 0-1

[Event "Qatar Masters 2024"]
[Site "Doha"]
[Date "2024.12.03"]
[Round "1.3"]
[White "Amartuvshin, Ganzorig"]
[Black "Maghsoodloo, Parham"]
[Result "1/2-1/2"]
[Annotator "TA"]
[ECO "D86"]
[WhiteElo "2392"]
[BlackElo "2712"]
[PlyCount "118"]
[EventDate "2024.11.24"]
[EventType "swiss"]
[EventCountry "QAT"]
[SourceTitle "playchess.com"]
[Source "ChessBase"]
[SourceQuality "1"]
[TimeControl "40/5400+30:1800+30"]

1. d4 Nf6 2. c4 g6 3. Nc3 d5 4. cxd5 Nxd5 5. e4 Nxc3 6. bxc3 Bg7 7. Bc4 a6 {[%emt 0:00:30] D86: Exchange Grünfeld: Classical Line (7 Bc4).} 8. a4 c5 9. Ne2 Nc6 10. d5 $146 ({Predecessor:} 10. Be3 O-O 11. O-O Na5 12. Bd3 b6 13. dxc5 bxc5 14. Bxc5 Qc7 15. Bd4 e5 16. Be3 Rd8 17. Qc2 Be6 18. c4 Nxc4 {½-½ Lisak,J (2095)-Wagner,B (1890) W-ch GT253 corr 1989}) 10... Na5 11. Ba2 b5 12. Be3 Qc7 13. axb5 axb5 14. O-O O-O 15. Qd2 Bd7 16. Rad1 Nb7 17. f4 Nd6 18. e5 Ne4 19. Qb2 Bg4 20. Rc1 $1 Qa5 21. Bb1 Bxe2 22. Rfe1 Nxc3 23. Qxc3 Qxc3 24. Rxc3 Bc4 25. Bxc5 Bxd5 26. Bxe7 Rfe8 27. Bd6 Ra4 28. Rc5 Rd4 29. Rxb5 Bc6 30. Rb8 Rxb8 $1 31. Bxb8 Rxf4 32. Rc1 Bb7 33. Ba2 h5 34. Rf1 Rxf1+ 35. Kxf1 Bc8 36. Bd6 Bh6 37. h3 Kg7 38. Be7 Be3 39. Ke2 Bd4 40. Bf6+ Kf8 41. Bd5 Bc3 42. Kd3 Be1 43. Bc6 Be6 44. Ke2 Bg3 45. Kf3 h4 46. Ke4 Kg8 47. Bd5 Bf5+ 48. Ke3 Kf8 49. Bf3 Be6 50. Bc6 Kg8 51. Bf3 Kh7 52. Bg4 Kh6 53. Bxe6 fxe6 54. Ke4 Kh5 55. Bd8 g5 56. Bf6 Kg6 57. Bd8 Kh5 58. Bf6 $1 Kg6 59. Bd8 Kh5 1/2-1/2

[Event "Qatar Masters 2024"]
[Site "Doha"]
[Date "2024.12.03"]
[Round "1.4"]
[White "Artemiev, Vladislav"]
[Black "Vantika Agrawal"]
[Result "1/2-1/2"]
[Annotator "TA"]
[ECO "A13"]
[WhiteElo "2701"]
[BlackElo "2392"]
[PlyCount "89"]
[EventDate "2024.11.24"]
[EventType "swiss"]
[EventCountry "QAT"]
[SourceTitle "playchess.com"]
[Source "ChessBase"]
[SourceQuality "1"]
[TimeControl "40/5400+30:1800+30"]

1. Nf3 Nf6 2. g3 d5 3. Bg2 c5 4. O-O e6 5. c4 d4 6. e3 Nc6 7. d3 Bd6 8. exd4 cxd4 {[%emt 0:00:15] White has an edge.} 9. Bg5 h6 10. Bxf6 Qxf6 11. Nbd2 Qe7 12. a3 a5 13. Re1 O-O 14. Rc1 Rd8 15. Ne4 Bc7 16. c5 Bd7 17. Rc4 e5 18. Nfd2 Be6 19. Rc1 a4 20. Nd6 Bxd6 21. cxd6 Qxd6 22. Ne4 $1 Qc7 23. Nc5 Bd5 24. Nxa4 Bxg2 25. Kxg2 b5 26. Nc5 Qb6 27. Qf3 {[%emt 0:01:15][%cal Oc5d7] Threatening Nd7!} Rac8 28. Re2 b4 29. a4 Rc7 30. Nb3 (30. Rec2 $14) 30... Na5 $1 $11 31. Rxc7 Qxc7 32. Nxa5 Qxa5 {[%emt 0:00:03][%mdl 4096] Endgame. KQR-KQR} 33. Qc6 b3 34. h4 Qd5+ 35. Qxd5 Rxd5 {[%emt 0:00:03] KR-KR} 36. f4 exf4 37. Re8+ Kh7 38. Rb8 Ra5 $1 39. gxf4 Rxa4 40. Rxb3 Kg6 41. Kf3 f5 42. Rb5 (42. Ra3 $5 Rb4 $8 43. Ra5 $15) 42... Ra1 43. Rd5 Rb1 44. Rxd4 Rxb2 45. Rd5 {[%emt 0:00:00] Weighted Error Value: White=0.05 (flawless) /Black=0.03 (flawless) .  Mistake:       	White=1     	---        Inaccurate:     	White=1     	Black=2      OK:         	White=16    	Black=17     Best:        	White=3     	Black=4      Strong:       	White=1     	Black=2} 1/2-1/2

[Event "Qatar Masters 2024"]
[Site "Doha"]
[Date "2024.12.03"]
[Round "1.5"]
[White "Ashraf, Artin"]
[Black "Tabatabaei, M. Amin"]
[Result "1/2-1/2"]
[Annotator "TA"]
[ECO "B81"]
[WhiteElo "2388"]
[BlackElo "2686"]
[PlyCount "119"]
[EventDate "2024.11.24"]
[EventType "swiss"]
[EventCountry "QAT"]
[SourceTitle "playchess.com"]
[Source "ChessBase"]
[SourceQuality "1"]
[TimeControl "40/5400+30:1800+30"]

1. e4 c5 2. Nf3 d6 3. d4 cxd4 4. Nxd4 Nf6 5. Nc3 a6 6. h3 e6 7. g4 h6 8. Bg2 Be7 9. h4 Nc6 10. g5 hxg5 11. hxg5 Rxh1+ 12. Bxh1 Nh7 13. f4 Qb6 14. Nf3 Bd7 15. Qd2 Rc8 16. b3 {[%emt 0:04:37] next Bb2 is good for White.} Na5 (16... Ne5 $11 17. fxe5 Nxg5) 17. Qd3 (17. Ba3 $16) 17... Nf8 18. Bb2 (18. Ne2 $14) 18... Ng6 $11 19. Ne2 {[%emt 0:02:31] [#]} d5 20. exd5 Bb5 $132 {[%emt 0:08:16][%mdl 2048] Black puts up resistance} (20... Qb4+ $6 21. c3 Qb5 (21... Nxf4 $2 22. Qh7 $18) 22. Qxb5 axb5 23. dxe6 fxe6 24. Bc1 $16) 21. Qd4 {[%emt 0:23:23] Against Bb4+} (21. c4 $5 Nxc4 (21... Bxc4 22. bxc4 Qxb2 23. Rb1 $11) 22. bxc4 Bb4+ 23. Nd2 Nxf4 24. Qd4 (24. Nxf4 Rxc4 25. Qg3 Rc2 $19) 24... Qxd4 25. Nxd4 Bxc4 (25... Rxc4 $2 26. Nxb5 Rc2 27. Bc1 $18) 26. dxe6 $11) 21... Bc5 {[%emt 0:03:59][%mdl 1024] Black has compensation.} 22. Qe4 {[%emt 0:00:02] Strongly threatening Ned4.} (22. Qxg7 Bb4+ 23. c3 Qe3 $19) 22... Bf2+ 23. Kf1 {[%emt 0:00:14][%cal Od5e6] [#] And now dxe6! would win.} Nc4 $1 {[%emt 0:09:54] ...Nd6 would now be deadly.} 24. Bd4 $1 {[%emt 0:04:18] [#]} (24. bxc4 $2 Rxc4 25. Qd3 Bg1 $19) (24. Bxg7 $2 Nd6 25. Bd4 Qa5 (25... Nxe4 $2 26. Bxb6 Bxe2+ 27. Kxe2 $19) (25... Bxd4 $2 26. Qxd4 Bxe2+ 27. Kxe2 $17) 26. Bxf2 Nxe4 $19) 24... Nd2+ $1 25. Nxd2 Bxd4 26. c4 $1 Bxa1 27. cxb5 axb5 {[%emt 0:01:10] White must now prevent ...Rd8.} 28. dxe6 Qxe6 ({Black should try} 28... Rd8 $17 29. exf7+ Kxf7 30. Qf5+ Ke7 31. Qe4+ (31. Bd5 $2 Ne5 $19) 31... Qe6) 29. f5 $1 {[%emt 0:00:08] The position is equal.} (29. Qxe6+ fxe6 30. Bxb7 Rc2 $19) 29... Qxe4 30. Nxe4 {[%emt 0:00:03] aiming for Nd6+.} Ne7 (30... Ne5 $5 31. Nd6+ $8 Kd7 32. Nxc8 Kxc8 $11) 31. Nd6+ Kd7 32. Nxc8 Kxc8 {[%emt 0:00:00][%mdl 4096] Endgame. KBN-KBN} 33. Be4 Kc7 34. Nf4 Kd6 {[%emt 0:00:11] ...Ke5 is the strong threat.} 35. Ke2 Be5 36. g6 fxg6 (36... Bxf4 $2 {loses.} 37. gxf7 $18 (37. Bxb7 $2 f6 $19) (37. Bxb7 $2 f6 $19)) 37. Nxg6 Nd5 38. Kf3 b4 39. Nxe5 Kxe5 40. Bxd5 Kxd5 {[%emt 0:00:01] K3P-K3P} 41. Kf4 Kd4 42. Kg5 Ke4 43. Kg4 Ke3 44. Kg5 b6 45. Kg4 Kd3 (45... Ke4 $5) 46. Kg5 Kd4 47. Kg6 Ke4 48. Kg5 Ke5 49. Kg6 Kf4 50. f6 gxf6 51. Kxf6 {[%emt 0:00:06] Intending Ke6 and mate. KPP-KPP} Ke4 52. Ke6 Kd4 53. Kd6 {[%emt 0:00:10] White threatens Kc6 and mate.} Kc3 54. Kc6 Kb2 55. Kb5 Ka3 56. Kc4 (56. Kxb6 {gets mated.} Kxa2 57. Kc5 Kxb3 58. Kd4 Kc2 59. Ke5 b3 60. Kd5 Kd3 61. Ke5 b2 62. Kf5 b1=Q (62... b1=B 63. Kg6 $11) 63. Kg6 Qb5 64. Kh6 Qc6+ 65. Kg7 Ke4 66. Kh8 Qd7 67. Kg8 Kf5 68. Kf8 Kg6 69. Kg8 Qg7#) 56... Kxa2 {[%emt 0:00:02] ( -> ...Ka3)} 57. Kxb4 Kb2 58. Kc4 Ka3 59. Kb5 Kxb3 60. Kxb6 {[%emt 0:00:09] Weighted Error Value: White=0.10 (very precise) /Black=0.12 (very precise) .  Mistake:       	White=2     	Black=3      Inaccurate:     	White=4     	Black=2      OK:         	White=18    	Black=22     Best:        	White=5     	Black=3      Strong:       	White=3     	---        Brilliant:      	---       	Black=2} 1/2-1/2

[Event "Qatar Masters 2024"]
[Site "Doha"]
[Date "2024.12.03"]
[Round "1.6"]
[White "Esipenko, Andrey"]
[Black "Bharadia Yash"]
[Result "1-0"]
[Annotator "TA"]
[ECO "B51"]
[WhiteElo "2682"]
[BlackElo "2385"]
[PlyCount "91"]
[EventDate "2024.11.24"]
[EventType "swiss"]
[EventCountry "QAT"]
[SourceTitle "playchess.com"]
[Source "ChessBase"]
[SourceQuality "1"]
[TimeControl "40/5400+30:1800+30"]

1. e4 c5 2. Nf3 d6 3. Bb5+ Nd7 4. Ba4 Ngf6 5. O-O e6 6. d3 {[%emt 0:00:20] B51: Sicilian: Moscow Variation (3 Bb5+) without 3...Bd7.} Be7 7. c4 O-O 8. Nc3 Ne5 9. Ne1 Bd7 10. Bc2 Nc6 11. f4 Nd4 12. Nf3 Nxc2 13. Qxc2 a6 $146 ({Predecessor:} 13... Bc6 14. Kh1 Qd7 15. a4 b6 16. Qe2 a6 17. Bd2 b5 18. e5 Ng4 19. exd6 Bxd6 {0-1 Shubin,K (2459)-Volokitin,A (2667) FIDE World Rapid Team 2024 (12.14)}) 14. b3 b5 15. Bb2 Bc6 16. Rae1 b4 17. Nd1 a5 18. Ne3 a4 19. f5 axb3 20. axb3 e5 21. g4 Nd7 22. Qf2 Ra2 23. h4 f6 24. Ra1 Rxa1 25. Rxa1 Kf7 26. Qg3 h6 27. Bc1 Rh8 28. Ng2 Nf8 29. g5 (29. Ra2 {simplifies} Nd7 30. g5 hxg5 31. hxg5 Kg8 32. Bd2) 29... h5 ({Black should play} 29... hxg5 $14 30. hxg5 Ke8) 30. Ra7 $16 Rg8 (30... Ke8 $16 {is a better defense.} 31. g6 Qb8) 31. Qf2 Qb6 (31... Qc8 $16 32. g6+ Ke8) 32. Qa2 $18 Nd7 33. g6+ Ke8 34. Ne3 Bd8 $2 {[%emt 0:03:42] [#]} (34... Bb7 {was necessary.} 35. Nd2 Bd8) 35. Nd5 $1 $18 Bxd5 36. exd5 ({But not} 36. cxd5 c4+ 37. Kg2 Ke7 38. dxc4 Bc7) 36... Bc7 37. Nd2 Ke7 38. Ne4 Bb8 39. Ra6 ({Don't take} 39. Ra8 Qb7 40. Ra6 Qc8) 39... Qb7 40. Be3 Rc8 41. Kh2 Nb6 (41... Bc7 $142 42. Ra7 Qb6) 42. Qa5 $18 Nd7 43. Qa4 Bc7 $2 (43... Nf8 44. Ng3 Nd7 45. Nxh5 Rg8) 44. Bxc5 $18 Nxc5 45. Nxc5 dxc5 46. Re6+ 1-0

[Event "Qatar Masters 2024"]
[Site "Doha"]
[Date "2024.12.03"]
[Round "1.7"]
[White "Pham, Le Thao Nguyen"]
[Black "Vokhidov, Shamsiddin"]
[Result "0-1"]
[Annotator "RC"]
[ECO "A47"]
[WhiteElo "2384"]
[BlackElo "2681"]
[PlyCount "136"]
[EventDate "2024.11.24"]
[EventType "swiss"]
[EventCountry "QAT"]
[SourceTitle "playchess.com"]
[Source "ChessBase"]
[SourceQuality "1"]
[TimeControl "40/5400+30:1800+30"]

1. d4 Nf6 2. Nf3 b6 3. Bg5 e6 4. Nbd2 Bb7 5. e3 h6 6. Bh4 g5 7. Bg3 Nh5 8. Ne5 Nxg3 9. hxg3 d6 10. Nef3 Bg7 11. c3 Nd7 12. Bd3 g4 13. Nh4 h5 14. Qe2 a6 15. O-O-O c5 16. Kb1 b5 17. f3 Nf6 18. e4 Qc7 19. d5 O-O-O 20. dxe6 fxe6 21. Ng6 Rh6 22. e5 dxe5 23. Nxe5 Nd5 24. f4 c4 25. Bc2 Kb8 26. a3 Rhh8 27. Ng6 Bxc3 28. Ne4 Bg7 29. Nxh8 Rxh8 30. Ng5 b4 31. Nxe6 Qb6 32. Rxd5 bxa3 33. Bf5 Bxb2 34. Rd7 Bc8 35. Rd2 Bc3+ 36. Kc1 Bxd2+ 37. Kxd2 Qa5+ 38. Kc1 Qxf5 39. Nd4 Qc5 40. Qe5+ Qxe5 41. fxe5 Bb7 42. e6 Kc7 43. Re1 Re8 44. Re3 Bxg2 45. Rxa3 Bb7 46. Kd2 Bc8 47. Ra5 Bxe6 48. Rxa6 Bd5 49. Rh6 Re5 50. Ne2 Kd7 51. Rh7+ Ke8 52. Nf4 Bf7 53. Rh8+ Ke7 54. Rh6 Kf8 55. Rf6 Kg7 56. Rc6 Ra5 57. Ne2 Rf5 58. Ke3 Rf3+ 59. Ke4 Rd3 60. Rc7 Kf6 61. Rc6+ Kg5 62. Rc5+ Kh6 63. Nf4 Rxg3 64. Kf5 Ra3 65. Kf6 Rf3 66. Rf5 Bg6 67. Nxg6 Rxf5+ 68. Kxf5 c3 0-1

[Event "Qatar Masters 2024"]
[Site "Doha"]
[Date "2024.12.03"]
[Round "1.8"]
[White "Nihal Sarin"]
[Black "Bukreev, Stanislav"]
[Result "1-0"]
[Annotator "TA"]
[ECO "D35"]
[WhiteElo "2676"]
[BlackElo "2384"]
[PlyCount "63"]
[EventDate "2024.11.24"]
[EventType "swiss"]
[EventCountry "QAT"]
[SourceTitle "playchess.com"]
[Source "ChessBase"]
[SourceQuality "1"]
[TimeControl "40/5400+30:1800+30"]

1. d4 d5 2. c4 e6 3. Nc3 Nf6 4. cxd5 Nxd5 5. e4 Nxc3 6. bxc3 c5 7. Rb1 Be7 8. Nf3 O-O 9. h4 b6 {[%emt 0:00:03] Black is slightly better.} 10. h5 h6 11. Rh3 Kh8 12. Rg3 cxd4 13. cxd4 Bb7 14. Bd3 Nd7 15. e5 Rc8 16. Kf1 f5 17. exf6 Bxf6 18. Bf4 Bxf3 19. Qxf3 {[%emt 0:06:57] Qe4 would kill now.} (19. Rxf3 {simplifies} Bg5 20. Bd6 Rxf3 21. Qxf3 Nf6 22. Be5) 19... Bh4 20. Rg6 {[%emt 0:10:56][%cal Of3e4] And now Qe4! would win.} (20. Rg4 $5 Bg5 $8 21. Re1 $11) 20... Rc3 {[%emt 0:06:23][%cal Od7c5] Hoping for ...Nc5!} (20... Bg5 $2 21. Qe4 Rf7 (21... Bxf4 22. Rxh6+ Kg8 23. Qh7+ Kf7 24. Qg6+ Kg8 25. Rh8+ Kxh8 26. Qh7#) 22. Rxe6 $18 (22. Qxe6 $2 Rxf4 23. Bf5 Qf8 $19) (22. Rxg5 Nf6 $18)) 21. g3 (21. Rxe6 Rxd3 (21... Rxf4 $2 22. Qxf4 Rxd3 23. Rbe1 $18) 22. Qxd3 Rxf4 $17 (22... Nc5 23. Rxh6+ gxh6 24. Be5+ Bf6 25. Qe3 $17)) 21... Nc5 {[%emt 0:12:09] Against Rb3} 22. dxc5 (22. gxh4 $2 Rxd3 $19 (22... Nxd3 23. Qb7 $17) (22... Nxd3 23. Qb7 $17)) (22. Rd1 {simplifies} Rxd3 23. Rxd3 Nxd3 24. Qxd3 Bf6 25. Qe4) 22... Rxd3 23. Qg4 Bf6 24. cxb6 Qd5 25. Kg1 {[%emt 0:01:04] Prevents Qh1+} (25. bxa7 Qh1+ (25... Qxa2 $2 26. Rb8 $18) 26. Ke2 Qxb1) 25... axb6 {[%emt 0:04:34] [#]} (25... Bd4 $1 $11 {keeps the balance.} 26. Qxe6 (26. Rxe6 Bxf2+ 27. Kh2 Be3 $17) 26... Bxf2+ (26... Qf3 27. Rxh6+ gxh6 28. Qxh6+ Kg8 29. Qg5+ Kh7 30. Qe7+ Bg7 31. h6 $11) 27. Kxf2 Qc5+ 28. Ke1 (28. Kf1 Rf3+ 29. Kg2 Rf2+ 30. Kg1 R2xf4+ 31. Kh1 Rf1+ 32. Rxf1 Rxf1+ 33. Kh2 Rf2+ 34. Kg1 Rxa2+) 28... Rxf4 (28... Qxh5 29. Qc6 $14) (28... Qg1+ $2 29. Ke2 $18) 29. gxf4 (29. Rxh6+ $2 gxh6 30. Qxh6+ Kg8 $19) 29... Re3+ (29... Qxh5 30. Qe8+ Kh7 31. Rxg7+ Kxg7 32. Qxh5 Rg3 33. bxa7 Rg1+ 34. Kf2 Rxb1 35. a8=Q) 30. Kf1 Rxe6 31. Rxe6 Qc4+ (31... Qxh5 32. b7 $16) 32. Re2 Qxf4+ 33. Rf2 Qe4) 26. Bxh6 $1 $16 {[%emt 0:04:52][%cal Og6f6][%mdl 512] Rxf6! is the strong threat.} Rd4 27. Bf4 $40 {[%emt 0:00:06][%mdl 128] h6 would now be deadly. White wants a kill.} (27. Bxg7+ $2 Bxg7 28. h6 Bf6 (28... Qxa2 29. hxg7+ Kg8 30. gxf8=Q+ Kxf8 31. Qf3+) 29. Rxf6 Rxg4 $19) 27... e5 $2 {[%emt 0:00:43][%mdl 8192] [#] This move loses the game for Black.} (27... Qe4 $16 {is more resistant.} 28. Rc1 (28. Rxb6 $2 Rfd8 $19) 28... Rg8) 28. h6 $1 $18 {[%emt 0:00:40][%cal Og6f6] Intending Rxf6! and mate.} exf4 {[%emt 0:07:46] [#]} (28... Rf7 29. Qh5) 29. Rxf6 $1 {[%emt 0:00:28][%csl Gh6][%cal Rg4g7][%mdl 512] White mates.} Rg8 (29... Rd1+ 30. Rxd1) 30. hxg7+ Rxg7 31. Rf8+ Rg8 32. Qh4+ {[%emt 0:00:11] Weighted Error Value: White=0.04 (flawless) /Black=0.51.  Loses game:     	---       	Black=1      Mistake:       	---       	Black=1      Inaccurate:     	White=1     	Black=3      OK:         	White=6     	Black=13     Best:        	White=1     	---        Strong:       	White=1     	---        Brilliant:      	White=2     	---} (32. Rxf4 Rxg4 33. Rxg4 Rd1+ 34. Rxd1 Qxd1+ 35. Kh2 Qxg4 36. Kg2 b5 (36... Qe4+ {leads to mate.} 37. f3 Qe2+ 38. Kg1 Qxa2 39. f4 b5 40. f5 b4 41. f6 Qc2 42. g4 b3 43. f7 Kg7 44. Kf1 b2 45. f8=B+ Kxf8 46. g5 b1=Q#) 37. f3 Qa4 38. Kh3 Qxa2 39. f4 b4 (39... Qe6+ {is a self mate.} 40. g4 Qe3+ 41. Kg2 Qxf4 42. Kh3 b4 43. g5 b3 44. Kg2 b2 45. g6 b1=Q 46. g7+ Kxg7 47. Kh3 Qh1#) 40. f5 b3 41. Kg4 b2 42. Kg5 b1=Q (42... b1=B 43. Kf4 Qe2 44. g4 Kg7 45. g5 Qe4+ 46. Kg3 Qxf5 47. g6 Be4 48. Kh4 Qxg6 49. Kh3 Qg5 50. Kh2 Qg2#) 43. g4 Qh2 44. Kf6 Qd6+ 45. Kf7 Qb7+ 46. Ke8 Qde7#) 1-0

[Event "Qatar Masters 2024"]
[Site "Doha"]
[Date "2024.12.03"]
[Round "1.9"]
[White "Moksh Amit Doshi"]
[Black "Yakubboev, Nodirbek"]
[Result "1-0"]
[Annotator "TA"]
[ECO "E95"]
[WhiteElo "2391"]
[BlackElo "2668"]
[PlyCount "76"]
[EventDate "2024.11.24"]
[EventType "swiss"]
[EventCountry "QAT"]
[SourceTitle "playchess.com"]
[Source "ChessBase"]
[SourceQuality "1"]
[TimeControl "40/5400+30:1800+30"]

1. d4 Nf6 2. c4 d6 3. Nf3 g6 4. Nc3 Bg7 5. e4 O-O 6. Be2 e5 7. O-O h6 8. Re1 Nbd7 9. Bf1 Nh7 10. dxe5 dxe5 (10... Nxe5 $11 {deserves consideration.} 11. Nxe5 Bxe5 (11... dxe5 12. Qxd8 Rxd8 13. Nb5 $14)) 11. Be3 $14 f5 12. exf5 {[%emt 0:07:48] White is better.} gxf5 13. g3 {[%emt 0:04:28] White is much more active. The black rooks are passive.} c6 (13... e4 $14 {might be stronger.}) 14. c5 e4 15. Qb3+ $1 Kh8 16. Nh4 $36 {[%emt 0:00:17][%mdl 2048] White is really pushing.} Qe8 {[%emt 0:08:55] Wards off Ng6+} 17. Rad1 Ne5 {[%emt 0:03:25] [#]} (17... Ng5 $142) 18. f4 $1 $18 Ng6 {[%emt 0:22:12][%cal Be5g6,Bg6h4,Bh4f3][%mdl 32] [#]} 19. Rd8 $3 Nxh4 20. Rxe8 Nf3+ 21. Kf2 Rxe8 {[%emt 0:00:17] [#]} 22. Rd1 Nxh2 23. Bd4 {[%emt 0:04:27] And now Be2 would win.} Ng4+ 24. Ke1 Re7 25. Bxg7+ Kxg7 26. Rd6 {[%emt 0:01:30] Dodges Be6} Nf8 (26... Nhf6 $142 27. Be2 h5 28. Bxg4 hxg4) 27. Ne2 Be6 28. Qc3+ Kh7 29. Nd4 Rae8 30. Be2 (30. Bh3 Rd7 31. Nxe6 Rxe6 32. Bxg4 fxg4) 30... h5 31. Bd1 a6 (31... Rg7 $142 32. b4 (32. Bxg4 Rxg4 33. Nxe6 Rxe6 $18) 32... a6 33. Rxe6 (33. Bxg4 Rxg4 34. Nxe6 Rxe6 $18) 33... Rxe6 34. Nxf5 (34. Nxe6 Nxe6 35. Bxg4 Rxg4 $18) 34... Rd7) 32. Qc2 {[%emt 0:04:40] Qg2 is the strong threat.} Rg7 $2 (32... Kg6 33. Bxg4 hxg4) 33. Qg2 {[%emt 0:01:54] White is clearly winning.} Rg6 34. Qh3 h4 {[%emt 0:01:00] [#]} 35. Rd8 $3 Rxd8 36. Qxh4+ Rh6 37. Qxd8 Rh1+ 38. Kd2 e3+ {[%emt 0:00:00] Weighted Error Value: White=0.19 (very precise) /Black=0.57.  Mistake:       	---       	Black=6      Inaccurate:     	White=3     	Black=1      OK:         	White=9     	Black=2      Best:        	White=3     	Black=2      Strong:       	White=2     	---        Brilliant:      	White=1     	---} 1-0